Map: World of Sleepers LE

Players

Reynor - Winner!

  • Race: Zerg Zerg
  • League: Master
  • Spawn Location: 7:00

Scarlett

  • Race: Zerg Zerg
  • Spawn Location: 1:00

Event: NationWars 2019

VOD

Have the link to the VOD?

Description

Time

  • Played on: Nov. 15, 2019, 5:03 p.m.
  • Length: 5:48

All games in this series

Show
View Real Time Build Order
Export as new Build Order

Reynor Zerg - Winner!

Build Orders: Hatch First 

Get SALT Encoding   

  12  0:01  Drone  
  13  0:12  Overlord  
  13  0:17  Drone  
  14  0:31  Drone x2  
  16  0:48  Hatchery  
  15  0:51  Drone  
  15  0:54  Drone  
  17  0:58  Drone  
  18  1:08  Extractor  
  17  1:13  Spawning Pool  
  17  1:16  Drone  
  17  1:20  Drone  
  18  1:29  Drone  
  19  1:39  Drone  
  20  1:49  Overlord  
  20  2:00  Drone x2, Queen x2  
  26  2:10  Drone  
  26  2:11  Drone  
  26  2:15  Metabolic Boost  
  28  2:21  Zergling x2  
  30  2:22  Drone  
  30  2:32  Hatchery  
  30  2:34  Drone  
  30  2:37  Drone  
  31  2:47  Drone x2, Evolution Chamber  
  32  2:54  Drone x2  
  34  3:04  Overlord  
  34  3:07  Zergling x2  
  34  3:08  Zergling x2  
  36  3:15  Zerg Melee Weapons Level 1  
  36  3:16  Overlord  
  36  3:22  Zergling x8  
  36  3:23  Zergling x2  
  41  3:28  Zergling x2  
  41  3:33  Queen  
  44  3:35  Zergling x2  
  44  3:36  Baneling Nest  
  44  3:38  Zergling x2  
  44  3:40  Drone  
  46  3:43  Overlord  
  46  3:45  Drone x2  
  48  3:50  Zergling x4  
  48  3:52  Drone  
  48  3:53  Drone  
  52  3:57  Drone x2  
  54  4:04  Zergling x2  
  54  4:05  Drone  
  56  4:14  Overlord  
  56  4:15  Zergling x10  
  56  4:16  Zergling x2  
  62  4:18  Zergling x2  
  62  4:19  Zergling x2  
  62  4:22  Baneling  
  62  4:23  Baneling  
  64  4:24  Zergling x2  
  64  4:29  Zergling x2  
  66  4:34  Zergling x2  
  66  4:36  Baneling x5  
  67  4:39  Zergling x6  
  67  4:43  Zergling x2  
  67  4:45  Zergling x6  
  72  4:48  Zergling x2  
  72  4:51  Overlord x2  
  72  5:00  Zergling x2  
  72  5:01  Baneling  
  72  5:02  Baneling x2  
  68  5:07  Zergling x12  
  68  5:11  Zergling x2  
Show
View Real Time Build Order
Export as new Build Order

Scarlett Zerg 

Build Orders: Hatch First 

Get SALT Encoding   

  12  0:01  Drone  
  13  0:12  Overlord  
  13  0:17  Drone  
  14  0:31  Drone x2  
  16  0:47  Hatchery  
  15  0:51  Drone  
  15  0:54  Drone  
  17  0:58  Drone  
  17  1:00  Extractor  
  17  1:13  Spawning Pool  
  17  1:16  Drone  
  17  1:20  Drone  
  18  1:28  Drone  
  19  1:38  Drone  
  20  1:50  Drone  
  21  1:55  Evolution Chamber  
  21  2:00  Drone, Queen x2  
  25  2:06  Overlord  
  25  2:10  Drone  
  25  2:12  Drone  
  27  2:20  Zerg Ground Armor Level 1  
  27  2:23  Drone  
  27  2:28  Drone  
  29  2:33  Drone x2  
  31  2:39  Queen  
  33  2:45  Overlord  
  33  2:47  Zergling x2  
  34  2:53  Drone  
  34  2:54  Drone  
  34  2:56  Metabolic Boost  
  36  3:08  Zergling x2  
  36  3:09  Drone x5  
  42  3:13  Overlord  
  42  3:19  Drone x2  
  44  3:26  Overlord  
  44  3:34  Zergling x4  
  46  3:39  Zergling x2  
  47  3:42  Hatchery  
  47  3:46  Zergling x8  
  51  3:50  Zergling x2  
  51  3:54  Roach Warren  
  54  4:03  Zergling x2  
  54  4:04  Zergling x6  
  58  4:15  Lair  
  58  4:16  Zergling x2  
  58  4:17  Zergling x2  
  58  4:21  Drone  
  58  4:22  Drone  
  58  4:23  Drone  
  59  4:24  Extractor  
  59  4:25  Extractor  
  59  4:29  Hatchery  
  56  4:33  Drone x3  
  56  4:37  Drone, Overlord  
  59  4:40  Overlord  
  60  4:49  Zergling x10, Evolution Chamber  
  60  4:51  Evolution Chamber  
  56  4:57  Roach  
  57  5:00  Roach  
  57  5:01  Roach  
  57  5:04  Roach x2  
  57  5:05  Roach  
  62  5:10  Roach  
Tags
 
Add a new tag
Caveats
  • Supply blocks, unpowered buildings, or Contaminate may cause inaccurate times.
  • Supply counts are checked every 10 seconds.